 Dungeon Crawl Stone Soup version 0.16-a0-4108-g6e49b0d (webtiles) character file.

112 Chiseanne the Skirmisher (level 4, -1/38 HPs)
             Began as a Mummy Monk on Feb 26, 2015.
             Killed by divine providence
             ... invoked by an orc priest
              (13 damage)
             ... on level 3 of the Dungeon.
             The game lasted 00:06:28 (2734 turns).

Chiseanne the Skirmisher (Mummy Monk)               Turns: 2734, Time: 00:06:29

Health: -1/38      AC: 11    Str: 15    XL:     4   Next: 63%
Magic:  4/4        EV: 11    Int:  9    God:
Gold:   85         SH:  3    Dex: 14    Spells: 0 memorised, 3 levels left

rFire  x . .     SeeInvis .     a - +2 dagger (protect)
rCold  + . .     Clarity  .     h - +0 ring mail
rNeg   + + +     SustAb   .     c - +0 buckler
rPois  ∞         Gourm    .     (no helmet)
rElec  .         Spirit   .     (no cloak)
rCorr  .         Warding  .     f - +0 pair of gloves
rMut   .         Stasis   .     (no boots)
MR     .....                    d - amulet of regeneration (curse)
Stlth  +.........               (no ring)
                                (no ring)

@: not resistant to hostile enchantments, very unstealthy
A: no food or potions, fire vulnerability, restore body, cold resistance 1,
negative energy resistance 3, poison resistance, torment resistance, unbreathing
a: no special abilities


You were on level 3 of the Dungeon.
You were not hungry.

You visited 1 branch of the dungeon, and saw 3 of its levels.

You collected 85 gold pieces.

Inventory:

Hand weapons
 a - a +2 dagger of protection (weapon)
 j - a +1 vampiric hand axe
Missiles
 b - 38 arrows
 e - 55 stones (quivered)
 g - 15 sling bullets
 i - 17 poisoned needles
Armour
 c - a +0 buckler (worn)
 f - a +0 pair of gloves (worn)
 h - a +0 ring mail (worn)
Jewellery
 d - a cursed amulet of regeneration (around neck)


   Skills:
 * Level 4.5 Fighting
 * Level 1.2 Armour
 - Level 2.9 Dodging
 - Level 1.5 Stealth
 * Level 0.5 Shields
 - Level 3.2 Unarmed Combat


You had 3 spell levels left.
You didn't know any spells.

Dungeon Overview and Level Annotations

Branches:
Dungeon (3/15)

Altars:
Ru
Xom
Zin

Annotations:
D:2 Terence


Innate Abilities, Weirdness & Mutations

You do not eat or drink.
Your flesh is vulnerable to fire.
Your flesh is cold resistant.
You are immune to negative energy.
Your system is resistant to poisons.
You are immune to unholy pain and torment.
You can survive without breathing.


Message History

The orc priest mumbles some strange prayers to Beogh against you.
Something smites you!
You hit the orc priest.
The orc priest is heavily wounded.
The orc priest hits you but does no damage.
You barely miss the orc priest.
The orc priest is heavily wounded.
The orc priest hits you with a club.
* * * LOW HITPOINT WARNING * * *
You barely miss the orc priest.
The orc priest is heavily wounded.
You closely miss the orc priest.
The orc priest is heavily wounded.
The orc priest hits you with a club.
* * * LOW HITPOINT WARNING * * *
You hit the orc priest but do no damage.
The orc priest is heavily wounded.
The orc priest mumbles some strange prayers to Beogh against you.
Something smites you!
You die...

.# #.# #..# #..###'###'## .# #.#
#..# #o........... .# #.# #..#
#.#.......... .# #.####..#
#.#....)..... .#
#.#.....########o##.#+###+## .#
#.#.###.........).....# .#
#.#............#.##.###
.#####.############.#.##..# .
.....#...# #..<@o..#.###.## #.#
.....###.############.# #..# #.#
#....# #..............# ##.###.#
#....# ##########...### #..##.#
#....############...### ##.##.#
+....'..........'.....#####..#.#
#....############...#....###.#.#
#...)# #...#....# #...# #....#
######..†#....# ##..#


You could see an orc priest.

Vanquished Creatures
  Jessica (D:3)
  A mummy (D:3)
  2 adders (D:2)
  A giant mite (D:3)
  2 worms (D:2)
  2 orcs (D:3)
  10 hobgoblins
  8 kobolds
  2 quokkas
  2 bats (D:2)
  3 giant newts (D:2)
  3 goblins
  10 rats
47 creatures vanquished.

Notes
Turn   | Place    | Note
--------------------------------------------------------------
     0 | D:1      | Chiseanne, the Mummy Monk, began the quest for the Orb.
     0 | D:1      | Reached XP level 1. HP: 18/18 MP: 1/1
   830 | D:1      | Reached XP level 2. HP: 22/24 MP: 2/2
  1351 | D:2      | Noticed an angel
  1353 | D:2      | Found a glowing silver altar of Zin.
  1355 | D:2      | Found a shimmering altar of Xom.
  1378 | D:2      | Reached XP level 3. HP: 26/29 MP: 3/3
  1678 | D:2      | Reached skill level 4 in Fighting
  1727 | D:2      | Found a sacrificial altar of Ru.
  1777 | D:2      | Noticed Terence
  2228 | D:3      | Reached XP level 4. HP: 35/37 MP: 4/4
  2371 | D:3      | Noticed Jessica
  2380 | D:3      | Killed Jessica
  2380 | D:3      | Reached skill level 1 in Armour
  2548 | D:3      | HP: 1/38 [orc priest/divine providence (9)]
  2734 | D:3      | Killed from afar by an orc priest

Action                   |  1- 3 |  4- 6 || total
-------------------------+-------+-------++-------
Melee: Unarmed           |    20 |       ||    20
       Dagger            |   163 |   100 ||   263
  Use: Scroll            |     4 |     2 ||     6
 Stab: Sleeping          |     1 |       ||     1
